 Dungeon Crawl Stone Soup version 0.28.0-62-gf88900778d (webtiles) character file.

Game seed: 1089929318946081399

109 cbfl8 the Chopper (level 4, 0/41 HPs)
             Began as a Minotaur Berserker on Apr 28, 2023.
             Was a Believer of Trog.
             Slain by a wyvern zombie (4 damage)
             ... on level 4 of the Dungeon.
             The game lasted 00:01:51 (620 turns).

cbfl8 the Chopper (Minotaur Berserker)               Turns: 620, Time: 00:01:51

Health: 0/41       AC:  5    Str: 21    XL:     4   Next: 59%
Magic:  3/3        EV: 11    Int:  4    God:    Trog [**....]
Gold:   19         SH:  0    Dex: 12    Spells: 3/3 levels left

rFire   + . .      SeeInvis .   a - +0 hand axe
rCold   x . .      Faith    .   (no shield)
rNeg    . . .      Spirit   .   i - +0 ring mail
rPois   .          Reflect  .   (helmet restricted)
rElec   .          Harm     .   (no cloak)
rCorr   .          Rampage  .   (no gloves)
Will    .....                   (no boots)
Stlth   +.........              (no amulet)
HPRegen 0.13/turn               f - ring of fire
MPRegen 0.08/turn               (no ring)

@: no status effects
A: horns 2, retaliatory headbutt
a: Renounce Religion, Berserk, Trog's Hand


You were on level 4 of the Dungeon.
You worshipped Trog.
Trog was pleased with you.
You visited 1 branch of the dungeon, and saw 5 of its levels.

You collected 19 gold pieces.

Inventory:

Hand Weapons
 a - a +0 hand axe (weapon)
Armour
 i - a +0 ring mail (worn)
Jewellery
 f - a ring of fire (left hand)
Scrolls
 e - a scroll of enchant weapon {unknown}
 h - a scroll of identify {unknown}
Potions
 c - 2 potions of resistance {unknown}
 d - a potion of curing {unknown}
 g - a potion of cancellation {unknown}


   Skills:
 * Level 4.8 Fighting
 * Level 4.9 Axes
 * Level 3.2 Armour
 * Level 2.4 Dodging
 * Level 0.4 Evocations


You had 3 spell levels left.
You didn't know any spells.
Your spell library was empty.

Dungeon Overview and Level Annotations

Branches:
Dungeon (5/15)
 Temple: D:4-7

Altars:


Innate Abilities, Weirdness & Mutations

You have a pair of horns on your head.
You reflexively headbutt those who attack you in melee.


Message History

You hear the brisk rusting of a very distant drain.
An endoplasm comes into view.
The endoplasm freezes you.
You are frozen.
You feel a terrible chill! The endoplasm barely misses you.
You furiously retaliate!
You headbutt the endoplasm. You slash the endoplasm!
You kill the endoplasm!
Trog accepts your kill.
You open the door.
There is an open door here.
You open the door.
A wyvern zombie comes into view.
Found 5 gold pieces.
There is an open door here.
You slash the wyvern zombie!
The wyvern zombie is lightly damaged.
The wyvern zombie barely misses you. You furiously retaliate!
You headbutt the wyvern zombie. The wyvern zombie closely misses you.
You barely miss the wyvern zombie.
The wyvern zombie is moderately damaged.
The wyvern zombie closely misses you.
You hit the wyvern zombie.
The wyvern zombie is moderately damaged.
The wyvern zombie bites you!
You hit the wyvern zombie. You headbutt the wyvern zombie!
The wyvern zombie is severely damaged.
The wyvern zombie closely misses you.
You hit the wyvern zombie but do no damage.
You headbutt the wyvern zombie, but do no damage.
The wyvern zombie is severely damaged.
The wyvern zombie barely misses you. The wyvern zombie bites you!
You slash the wyvern zombie!
The wyvern zombie is almost destroyed.
The wyvern zombie bites you!
* * * LOW HITPOINT WARNING * * *
You hit the wyvern zombie. You headbutt the wyvern zombie.
The wyvern zombie is almost destroyed.
The wyvern zombie bites you.
You die...

##.## ##.......## #........
#####...####.........####....####
...........'.........'.......#
#####...####.........####....#
##.## ##.......## ##..## #.#
##.....## ##.# #.# ##...## #.#
..# ##'##### #.# ### #.@....# #.#
#.Z###.# #.# #..# #... ....
#$...# #...## #...#


You could see a wyvern zombie.

Vanquished Creatures
  A centaur skeleton (D:4)
  A hound (D:4)
  An orc wizard (D:4)
  A dart slug (D:3)
  5 orcs (D:4)
  2 ball pythons (D:4)
  An endoplasm (D:4)
  3 goblins
  3 hobgoblins
  A kobold (D:3)
  2 frilled lizards
  2 rats
23 creatures vanquished.

Notes
Turn   | Place    | Note
-------+----------+-------------------------------------------
     0 | D:1      | cbfl8 the Minotaur Berserker began the quest for the Orb.
     0 | D:1      | Reached XP level 1. HP: 19/19 MP: 0/0
   253 | D:3      | Reached XP level 2. HP: 27/27 MP: 1/1
   296 | D:5      | Entered Level 5 of the Dungeon
   298 | D:5      | Noticed a scorpion
   432 | D:4      | Reached XP level 3. HP: 24/35 MP: 2/2
   453 | D:4      | Reached XP level 4. HP: 28/41 MP: 3/3
   465 | D:4      | Reached ** piety under Trog
   620 | D:4      | Slain by a wyvern zombie

Illustrated notes

Levels and vault maps discovered:
D:1:      ldierk_walled_garden_2, layout_basic, basic_ecumenical_altar
D:2:      layout_rooms
D:3:      layout_loops_cross, nrook_uturn, uniq_jessica
D:4:      layout_loops_corners, lightli_sewer_entry_pipes
D:5:      layout_cave_pods, uniq_menkaure

Skill      XL: |  1  2  3  4 |
---------------+-------------+-----
Axes           | 4 |  4.9
Fighting       | 4 |  4.8
Armour         | 3 |  3.2
Dodging        | |  2.4
Evocations     | |  0.4

Action                   |  1- 3 |  4- 6 || total
-------------------------+-------+-------++-------
Melee: Hand axe          |    34 |    14 ||    48
       Headbutt          |     9 |     4 ||    13
       Punch             |     2 |       ||     2
Invok: Berserk           |     1 |       ||     1
Armor: Animal skin       |     6 |       ||     6
Dodge: Dodged            |    27 |     9 ||    36
